Match 42551043
Unlisted

Match 42551043
End
Selects Airborne Battlegroup
Selects Pathfinders
Selects Heavy Machine Gun Paradrop
Heavy Machine Gun Paradrop
Engineer Squad
Selects Paratrooper Squad Paradrop
Paratrooper Squad Paradrop
Heavy Machine Gun Paradrop
Construct Medical Station
Paratrooper Squad Paradrop
Construct Weapon Support Center
Selects Recon Loiter
Infantry Support Center
Selects Supply Drop
Advanced Logistics
Paratrooper Squad Paradrop
AI Takeover
BuzzCutPsycho
amzingdxge
noFEAR
Borcuch
insane
千万别点链接,账号被盗了
Nozshand
Kevege
0
0

Comments sign in to comment!

No comments posted yet!